 Dungeon Crawl Stone Soup version 0.24-a0-355-gbe4061de67 (webtiles) character file.

Game seed: 2775456951904595020

4651 MisterOstroum the Grappler (level 10, -5/102 HPs)
             Began as a Troll Hunter on May 24, 2019.
             Was a Priest of Nemelex Xobeh.
             Killed by a card of wild magic (29 damage)
             ... on level 8 of the Dungeon.
             The game lasted 00:22:00 (7240 turns).

MisterOstroum the Grappler (Troll Hunter)           Turns: 7240, Time: 00:22:00

Health: -5/102     AC:  7    Str: 23 (25) XL:     10   Next: 20%
Magic:  18/18      EV: 10    Int:  6 (7)  God:    Nemelex Xobeh [***...]
Gold:   318        SH:  0    Dex: 10      Spells: 9/9 levels left

rFire    . . .     SeeInvis .     - Unarmed
rCold    + . .     Gourm    +   (no shield)
rNeg     . . .     Faith    .   b - +0 robe
rPois    .         Spirit   .   (helmet restricted)
rElec    .         Reflect  .   p - +0 cloak
rCorr    .         Harm     .   (gloves unavailable)
MR       .....                  (boots unavailable)
Stlth    +.........             (no amulet)
HPRegen  0.67/turn              m - ring of protection from cold
MPRegen  0.16/turn              y - ring of magical power

@: no status effects
A: large, unfitting armour, claws 3, fast metabolism 3, gourmand, regeneration
1, shaggy fur 1, tough skin 3
a: Draw Escape, Draw Destruction, Draw Summoning, Triple Draw, Renounce Religion


You were on level 8 of the Dungeon.
You worshipped Nemelex Xobeh.
Nemelex Xobeh was most pleased with you.
You were completely stuffed.

You visited 1 branch of the dungeon, and saw 8 of its levels.

You collected 448 gold pieces.
You spent 130 gold pieces at shops.

Inventory:

Missiles
 c - 4 large rocks
 d - 2 throwing nets {!f}
 h - 241 stones (quivered)
 o - 9 poisoned darts
Armour
 b - a +0 robe (worn)
 p - a +0 cloak (worn)
 u - a +0 shield
Jewellery
 l - a +3 ring of dexterity {unknown}
 m - a ring of protection from cold (left claw)
 y - a ring of magical power (right claw)
Wands
 s - a wand of digging (5)
 H - a wand of iceblast (11)
 I - a wand of flame (15)
Scrolls
 a - a scroll of teleportation {@r3 !r}
 g - 2 scrolls of enchant armour {unknown}
 j - 2 scrolls of enchant weapon {unknown}
 q - a scroll of random uselessness {unknown}
 t - 3 scrolls of amnesia {unknown}
 v - a scroll of remove curse {unknown}
 w - 3 scrolls of identify {@r1}
 A - 3 scrolls of blinking {@r4}
 D - 3 scrolls of fear {!r}
 F - 4 scrolls of fog {unknown}
 G - a scroll of magic mapping {unknown}
Potions
 f - 6 potions of heal wounds {@q2 !q}
 i - a potion of magic
 k - a potion of brilliance
 n - 2 potions of haste
 r - a potion of flight
 x - 4 potions of lignification {unknown}
 z - a potion of invisibility {unknown}
 B - 2 potions of mutation {unknown}
 C - 5 potions of curing {unknown}
 J - a potion of ambrosia {unknown}
 L - a potion of berserk rage {unknown}
Comestibles
 e - 17 rations
 E - a chunk of flesh


   Skills:
 + Level 7.6 Fighting
 + Level 8.4 Throwing
 - Level 1.5 Dodging
 - Level 0.3 Stealth
 - Level 0.4 Shields
 + Level 8.8 Unarmed Combat


You had 9 spell levels left.
You didn't know any spells.
Your spell library contained the following spells:

 Spells                   Type           Power        Failure   Level  Hunger
 Flame Tongue             Conj/Fire      #....        45%         1    ##.....
 Throw Flame              Conj/Fire      #.....       58%         2    ###....
 Conjure Flame            Conj/Fire      #.......     83%         3    ####...
 Inner Flame              Hex/Fire       #.......     83%         3    ####...
 Sticky Flame             Conj/Fire      #.......     99%         4    #####..
 Fireball                 Conj/Fire      #.........   100%        5    ######.


Dungeon Overview and Level Annotations

Branches:
Dungeon (8/15)             Temple (0/1) D:4
   Lair: D:8-11

Altars:
Ashenzari
Elyvilon
Nemelex Xobeh
Okawaru
Qazlal
Ru
Trog
Yredelemnul
The Shining One

Shops:
D:8 }!?*


Innate Abilities, Weirdness & Mutations

You are too large for most types of armour.
You have claws for hands.
Your metabolism is lightning-fast.
You like to eat raw meat.
Your natural rate of healing is unusually fast.
You are covered in fur. (AC +1)
You have extremely tough skin. (AC +3)


Message History

You throw a stone.
The stone closely misses the orc warrior.
The stone barely misses the orc. x2; The stone hits the orc!
You kill the orc!
An orc comes into view. It is wielding a +0 whip.
Throwing (i - inventory. (/) - cycle)
h - 246 stones (quivered)
Press: ? - help, Shift-Dir - straight line, f/p - orc warrior
Aim: an orc warrior, wielding a +0 halberd and wearing a +0 chain mail (lightly wounded)
You throw a stone. The stone hits the orc warrior.
The orc warrior is moderately wounded.
Throwing (i - inventory. (/) - cycle)
h - 245 stones (quivered)
Press: ? - help, Shift-Dir - straight line, f/p - orc warrior
Aim: an orc warrior, wielding a +0 halberd and wearing a +0 chain mail (moderately wounded)
You throw a stone.
The stone hits the orc warrior but does no damage.
The orc warrior is moderately wounded.
The orc warrior hits you from afar with a +0 halberd!
Throwing (i - inventory. (/) - cycle)
h - 244 stones (quivered)
Press: ? - help, Shift-Dir - straight line, f/p - orc warrior
Aim: an orc warrior, wielding a +0 halberd and wearing a +0 chain mail (moderately wounded)
You throw a stone.
The stone barely misses the orc warrior.
The orc warrior hits you from afar with a +0 halberd!!
Throwing (i - inventory. (/) - cycle)
h - 243 stones (quivered)
Press: ? - help, Shift-Dir - straight line, f/p - orc warrior
Aim: an orc warrior, wielding a +0 halberd and wearing a +0 chain mail (moderately wounded)
You throw a stone. The stone hits the orc warrior.
The orc warrior is moderately wounded.
An orc comes into view. It is wielding a +0 dagger.
Throwing (i - inventory. (/) - cycle)
h - 242 stones (quivered)
Press: ? - help, Shift-Dir - straight line, f/p - orc warrior
Aim: an orc warrior, wielding a +0 halberd and wearing a +0 chain mail (moderately wounded)
You throw a stone. The stone hits the orc warrior.
The orc warrior is heavily wounded.
The orc warrior hits you from afar with a +0 halberd!
An orc comes into view. It is wielding a +0 club.
You are too injured to fight recklessly!
You are too injured to fight recklessly!
You are too injured to fight recklessly!
You are too injured to fight recklessly!
You are too injured to fight recklessly!
You are too injured to fight recklessly!
You are too injured to fight recklessly!
You are too injured to fight recklessly!
You are too injured to fight recklessly!
You are too injured to fight recklessly!
You are too injured to fight recklessly!
You are too injured to fight recklessly!
You are too injured to fight recklessly!
You are too injured to fight recklessly!
You are too injured to fight recklessly!
You are too injured to fight recklessly!
You are too injured to fight recklessly!
You are too injured to fight recklessly!
You are too injured to fight recklessly!
You are too injured to fight recklessly!
You are too injured to fight recklessly!
You are too injured to fight recklessly!
You are too injured to fight recklessly!
You are too injured to fight recklessly!
You are too injured to fight recklessly!
You are too injured to fight recklessly!
You are too injured to fight recklessly!
You are too injured to fight recklessly!
You are too injured to fight recklessly!
You are too injured to fight recklessly!
You are too injured to fight recklessly!
You are too injured to fight recklessly!
The orc warrior barely misses you.
You closely miss the orc warrior.
The orc warrior is heavily wounded.
You closely miss the orc warrior.
The orc warrior is heavily wounded.
The orc warrior hits you with a +0 halberd.
You claw the orc warrior!
The orc warrior is almost dead.
The orc warrior hits you with a +0 halberd!!
You scratch the orc warrior but do no damage.
The orc warrior is almost dead.
You claw the orc warrior!
You kill the orc warrior!
You closely miss the orc warrior.
The orc warrior hits you with a +0 long sword!
You closely miss the orc warrior. You scratch the orc warrior.
The orc warrior is lightly wounded.
The orc warrior hits you with a +0 long sword!
* * * LOW HITPOINT WARNING * * *
You barely miss the orc warrior.
The orc warrior is lightly wounded.
The orc warrior hits you but does no damage.
You closely miss the orc warrior.
The orc warrior is lightly wounded.
You draw a card...
You have drawn Wild Magic.
There is a sudden explosion of magical energy!
The explosion engulfs the orc warrior!!
The orc warrior dies!
The explosion engulfs you!!
You die...
Your body glows slightly and disappears.

#...######.#
#..##.#######
#..........#
#............
##...#######
#########.###
#.).# #.# #
#...# #.###
##..# #.... #..#
#####
#..#############
###########
#..........@)oo#
#..........
#...##########o#
#.#########
#...#
#.###.#######.[
#..รท#
#o#...........#
#...#
#.#.#......)..)
#...######
o.#.##########.
#........#
o#.#.# #.
#######..####.#
#o###.# #.
..........:##.#
o #.# #.


You could see 3 orcs.

Vanquished Creatures
  Pikel (D:4)
  An ice statue (D:7)
  2 hippogriffs
  Grinder (D:3)
  Menkaure (D:5)
  Duvessa (D:5)
  3 orc warriors
  An ice beast (D:7)
  4 slaves (D:4)
  A black bear (D:8)
  3 ogres
  A phantom (D:8)
  2 centaurs (D:5)
  A gnoll sergeant (D:5)
  2 bullfrogs (D:6)
  Dowan (D:5)
  A water moccasin zombie (D:8)
  2 scorpions
  5 killer bees (D:7)
  3 wights (D:6)
  A howler monkey (D:5)
  2 crimson imps
  A centaur zombie (D:8)
  3 jellies
  A bullfrog zombie (D:8)
  7 orc priests
  4 hounds
  Crazy Yiuf (D:3)
  A bullfrog skeleton (D:5)
  Jessica (D:2)
  Ijyb (D:5)
  Terence (D:3)
  2 iguanas (D:5)
  4 orc wizards
  A worker ant (D:4)
  A hound skeleton (D:2)
  A worker ant zombie (D:8)
  6 gnolls
  17 adders
  2 shadow imps
  4 oozes
  An adder skeleton (D:6)
  An adder zombie (D:1)
  6 worms
  4 dart slugs
  5 leopard geckos
  26 orcs
  A ball python (D:3)
  5 bats
  7 giant cockroaches
  4 goblins
  9 hobgoblins
  9 jackals
  8 kobolds
  5 quokkas
  A ball python zombie (D:1)
  3 frilled lizards
  8 rats
  A spectral orc (D:5)
203 creatures vanquished.

Vanquished Creatures (others)
  An orc warrior (D:8)
1 creature vanquished.

Grand Total: 204 creatures vanquished

Notes
Turn   | Place    | Note
-------+----------+-------------------------------------------
     0 | D:1      | MisterOstroum the Troll Hunter began the quest for the Orb.
     0 | D:1      | Reached XP level 1. HP: 19/19 MP: 0/0
   102 | D:1      | Reached XP level 2. HP: 28/28 MP: 1/1
   122 | D:1      | Reached skill level 1 in Unarmed Combat
   265 | D:1      | Reached XP level 3. HP: 35/35 MP: 2/2
   972 | D:2      | Reached XP level 4. HP: 35/44 MP: 3/3
  1300 | D:2      | Found a sparkling altar of Nemelex Xobeh.
  1300 | D:2      | Noticed Jessica
  1302 | D:2      | Killed Jessica
  1302 | D:2      | Reached XP level 5. HP: 50/50 MP: 4/4
  1307 | D:2      | Became a worshipper of Nemelex Xobeh the Trickster
  1680 | D:3      | Found a bloodstained altar of Trog.
  1752 | D:3      | Received a gift from Nemelex Xobeh
  1802 | D:3      | Found a runed translucent door.
  1803 | D:3      | Noticed Crazy Yiuf
  1901 | D:3      | Found a stormy altar of Qazlal.
  1902 | D:3      | Noticed an air elemental
  1902 | D:3      | Noticed a fire elemental
  1902 | D:3      | Noticed a water elemental
  1905 | D:3      | Noticed Grinder
  1905 | D:3      | Paralysed by Grinder for 7 turns
  1920 | D:3      | Killed Grinder
  1920 | D:3      | Reached skill level 5 in Throwing
  1920 | D:3      | Reached XP level 6. HP: 48/61 MP: 5/5
  2120 | D:3      | Noticed Terence
  2155 | D:3      | Killed Terence
  2382 | D:3      | Killed Crazy Yiuf
  2500 | D:4      | Found a staircase to the Ecumenical Temple.
  2575 | D:4      | Reached XP level 7. HP: 68/68 MP: 6/6
  2598 | D:4      | Found a sparkling altar of Nemelex Xobeh.
  2699 | D:4      | Reached * piety under Nemelex Xobeh
  2782 | D:4      | Noticed Pikel
  2788 | D:4      | Killed Pikel
  2788 | D:4      | Reached skill level 5 in Unarmed Combat
  3212 | D:5      | Entered Level 5 of the Dungeon
  3244 | D:5      | Noticed Duvessa
  3247 | D:4      | Reached XP level 8. HP: 71/79 MP: 7/7
  3305 | D:5      | Noticed Ijyb
  3313 | D:5      | Killed Ijyb
  3450 | D:5      | Received a gift from Nemelex Xobeh
  3503 | D:5      | Noticed Dowan
  3508 | D:5      | Killed Duvessa
  3508 | D:5      | Reached skill level 5 in Fighting
  3510 | D:5      | Killed Dowan
  3575 | D:5      | Noticed Menkaure
  3577 | D:5      | Killed Menkaure
  3654 | D:5      | Found a basalt altar of Yredelemnul.
  3930 | D:5      | Found a glowing golden altar of the Shining One.
  3997 | D:5      | Found a shattered altar of Ashenzari.
  4337 | D:6      | Reached XP level 9. HP: 87/89 MP: 8/8
  4737 | D:6      | Reached ** piety under Nemelex Xobeh
  5470 | D:7      | Found an iron altar of Okawaru.
  5676 | D:7      | Received a gift from Nemelex Xobeh
  5835 | D:7      | Found a white marble altar of Elyvilon.
  6003 | D:7      | Received a gift from Nemelex Xobeh
  6123 | D:7      | Noticed an ice statue
  6208 | D:7      | Killed an ice statue
  6555 | D:8      | Found Teamig's Magic Scroll Emporium.
  6564 | D:8      | Bought a scroll of fear for 35 gold pieces
  6564 | D:8      | Bought a scroll of identify for 20 gold pieces
  6564 | D:8      | Bought a scroll of blinking for 75 gold pieces
  6582 | D:8      | Found Siojuxto's Distillery.
  6650 | D:8      | Reached XP level 10. HP: 97/102 MP: 9/9
  6785 | D:8      | Found Uluof's Assorted Antiques.
  6816 | D:8      | Found a sacrificial altar of Ru.
  6818 | D:8      | Found a white marble altar of Elyvilon.
  7123 | D:8      | Found Hideng's Gadget Shoppe.
  7148 | D:8      | Reached *** piety under Nemelex Xobeh
  7240 | D:8      | Killed by a card of wild magic

Levels and vault maps discovered:
D:1:      saegor_arrival_fortress, layout_basic
D:2:      layout_basic, nemelex_spade_bored_becter, uniq_jessica
D:3:      layout_loops_cross, bloody_trog, nicolae_qazlal_style_of_elements,
          uniq_crazy_yiuf_cottage, uniq_grinder, uniq_terence
D:4:      layout_basic, minmay_temple_entry_glass, first_ration,
          nemelex_altar_shiori, uniq_pikel
D:5:      layout_cave_pools, tso_oasis_becter, kennysheep_mini,
          yredelemnul_forgotten_temple_becter, nicolae_ossuary_entry_monument,
          uniq_ijyb, uniq_menkaure, uniq_duvessa
D:6:      layout_loops_ring
D:7:      lemuel_ice_statue, layout_loops_ring, kennysheep_mini_moat,
          basic_altar
D:8:      layout_loops_ring, chequers_temple_overflow_statue_of_worship,
          special_room [special_room_orc], serial_shops,
          nicolae_shop_behind_doors, shop, nicolae_shop_window_shopping, shop

Skill      XL: |  1  2  3  4  5  6  7  8  9 |
---------------+----------------------------+-----
Unarmed Combat | 1 2 3 4 5 6 8 |  8.8
Fighting       | 2 3 4 5 7 |  7.6
Throwing       | 4 5 6 7 8 |  8.4
Dodging        | |  1.5
Stealth        | |  0.3
Shields        | |  0.4

Action                   |  1- 3 |  4- 6 |  7- 9 | 10-12 || total
-------------------------+-------+-------+-------+-------++-------
Melee: Unarmed           |    68 |    91 |   236 |    49 ||   444
       Punch             |       |     3 |     4 |     1 ||     8
Throw: Large rock        |     8 |    11 |    25 |       ||    44
       Stone             |    84 |   102 |   208 |    76 ||   470
       Dart              |       |       |       |     3 ||     3
 Abil: Draw Destruction  |       |     4 |     3 |       ||     7
  Use: Scroll            |       |       |     7 |       ||     7
       Potion            |       |       |     5 |       ||     5
 Stab: Sleeping          |       |       |     1 |       ||     1
  Eat: Chunk             |    14 |    13 |    39 |     5 ||    71
Armor: Robe              |    29 |    21 |    63 |     8 ||   121
Dodge: Dodged            |    42 |    26 |    93 |     7 ||   168

Table legend:
 A = Non-vault XP
 B = Vault XP
 C = Vault XP percentage of total XP
 D = Non-vault monster count
 E = Vault monster count
 F = Vault count percentage of total count
                 A         B        C        D         E       F
            +---------+---------+-------+---------+---------+-------
      Total |    4462 |    2183 |  32.9 |     180 |      20 |  10.0
            +---------+---------+-------+---------+---------+-------
        D:1 |      66 |       6 |   8.3 |      27 |       2 |   6.9
        D:2 |     100 |      37 |  27.0 |      25 |       1 |   3.8
        D:3 |     135 |     331 |  71.0 |      23 |       3 |  11.5
        D:4 |     126 |     651 |  83.8 |      10 |       1 |   9.1
        D:5 |     733 |     432 |  37.1 |      23 |       5 |  17.9
        D:6 |     864 |       0 |   0.0 |      23 |       0 |   0.0
        D:7 |    1197 |     442 |  27.0 |      22 |       1 |   4.3
        D:8 |    1241 |     284 |  18.6 |      27 |       7 |  20.6
            +---------+---------+-------+---------+---------+-------
